Unix NetHack Version 3.7.0-59 Work-in-progress - last build Jun 21 2022 21:34:18 (82e59222e4b6558e33156aede0636042c14940b8,branch:master). Game began 2022-06-23 14:58:57, ended 2022-06-23 15:22:12. pescepalla, lawful male human Knight -------------- --------------- |.......[....-### #####..............| |.....>......|# ## # # |.............| --------------# #### * # # [# -.............| # ####################### # |.............| # * -.......-----#########........<.....| # # |C.........C|## # --------------- ### # |.....C.....|# # 0 ## |...-----....# # * # # |...|.{ |...| #### ### |..C|{.{|C..|## # --- |...|.{......# @ ..| |...-----%).| #s...| |.....C.....| .... |C.........C| ..| ------------- =.| .. -- Pescepalla the Esquire St:13 Dx:8 Co:10 In:7 Wi:16 Ch:18 Lawful Dlvl:7 $:171 HP:0(37) Pw:25(25) AC:10 Exp:4 T:3084 Satiated Latest messages: You write in the dust with your fingertip. The giant spider turns to flee. You hear a strange wind. You swap places with your horse. The wood nymph stole an uncursed +0 helmet. The wood nymph vanishes! The horse misses the coyote. The horse bites the coyote. The coyote bites the horse. The horse hits the coyote. The coyote is killed! You swap places with your horse. You see here a coyote corpse. There is a coyote corpse here; eat it? [ynq] (n) This coyote corpse tastes okay. You finish eating the coyote corpse. You hit it. The black naga hatchling bites! The horse hits the black naga hatchling. The horse misses the black naga hatchling. The black naga hatchling misses the horse. The horse misses the black naga hatchling. The horse bites the black naga hatchling. The black naga hatchling misses the horse. The horse misses the black naga hatchling. The horse bites the black naga hatchling. What do you want to write with? [- aC or ?*] You write in the dust with your fingertip. The black naga hatchling bites! The horse hits the black naga hatchling. The horse bites the black naga hatchling. The black naga hatchling is killed! What do you want to write with? [- aC or ?*] Do you want to add to the current engraving? [ynq] (y) You wipe out the message that was written in the dust here. You write in the dust with your fingertip. Something is written here in the dust. You read: "Elbereth". You see no objects here. You see here a black naga hatchling corpse. You swap places with your horse. The giant spider bites! Something is written here in the dust. You read: "El| ?etn". The giant spider bites! The giant spider's bite was poisoned! You feel weaker! The giant spider bites! You die... Do you want your possessions identified? [ynq] (y) Major events: Turn 1: pescepalla the lawful male human Knight entered the dungeon 1003: entered the Gnomish Mines 1271: attained the rank of Esquire (level 3) 3084: killed by a giant spider Inventory: Coins $ - 171 gold pieces Weapons a - a +1 long sword (weapon in hand) Armor c - an uncursed +1 ring mail Comestibles g - 11 uncursed apples h - 13 uncursed carrots Tools q - an empty cursed sack Gems/Stones C - an uncursed worthless piece of red glass Pescepalla the Knight's attributes: Background: You were an Esquire, a level 4 male human Knight. You were lawful, nominally on a mission for Lugh who was opposed by Brigit (neutral) and Manannan Mac Lir (chaotic). You were in the Dungeons of Doom, on level 7. You entered the dungeon 3084 turns ago. You had 139 experience points, 21 more were needed to attain level 5. Basics: You had 0 out of 37 hit points. You had all 25 energy points (spell power). Your armor class was 10. Your wallet contained 171 zorkmids. Autopickup was on for '$=?"/!%' plus thrown, with exceptions. Final Characteristics: Your strength was 13 (peak:16, limit:18/100). Your dexterity was 8 (limit:18). Your constitution was 10 (limit:18). Your intelligence was 7 (limit:18). Your wisdom was 16 (limit:18). Your charisma was 18 (limit:18). Final Status: You were satiated. You were unencumbered. You were wielding a long sword. You had basic skill with long sword. You were not wearing any armor. Final Attributes: You were piously aligned. You could jump. You are dead. Miscellaneous: You never encountered a bones level. Total elapsed playing time was 23 minutes and 15 seconds. Vanquished creatures: a water nymph a rock mole 2 gnome leaders a kobold mummy a black naga hatchling 3 straw golems 3 giant ants 2 hill orcs an iguana 4 coyotes a hobbit a large kobold 2 hobgoblins a yellow mold a gnome zombie a gecko 5 jackals 5 foxes a goblin 2 sewer rats 7 grid bugs a bat a lichen a kobold zombie 7 newts 56 creatures vanquished. No species were genocided or became extinct. Voluntary challenges: You were an atheist. You read items or engraved 9 times. You engraved Elbereth 7 times. You never genocided any monsters. You never polymorphed an object. You never changed form. You used no wishes. Achievements: You entered the Gnomish Mines. You attained the rank of Esquire. The Dungeons of Doom: levels 1 to 7 Level 1: Level 2: A sink. Level 3: A fountain, a sink. Stairs down to The Gnomish Mines. Level 4: Level 5: Level 6: Some fountains. Level 7: <- You were here. Many fountains. Final resting place for you, killed by a giant spider. The Gnomish Mines: Level 4: Game over: ---------- / \ / REST \ / IN \ / PEACE \ / \ | pescepalla | | 171 Au | | killed by a | | giant spider | | | | | | 2022 | *| * * * | * _________)/\\_//(\/(/\)/\//\/|_)_______ Fare thee well pescepalla the Knight... You died in The Dungeons of Doom on dungeon level 7 with 1020 points, and 171 pieces of gold, after 3084 moves. You were level 4 with a maximum of 37 hit points when you died.